 Dungeon Crawl Stone Soup version 0.29-a0-409-gd843f3a48c (webtiles) character file.

Game seed: 11742534318324564310

11232 croobank the Covert (level 11, -5/89 HPs)
             Began as a Gnoll Delver on May 13, 2022.
             Was an Initiate of Gozag.
             Slain by a boulder beetle (48 damage)
             ... on level 2 of the Lair of Beasts.
             The game lasted 01:03:25 (16844 turns).

croobank the Covert (Gnoll Delver)                 Turns: 16844, Time: 01:03:29

Health: -5/89      AC: 11    Str: 13    XL:     11   Next: 74%
Magic:  4/20       EV: 15    Int: 13    God:    Gozag
Gold:   776        SH:  5    Dex: 13    Spells: 2/23 levels left

rFire   + + .      SeeInvis .   J - +4 trident (freeze)
rCold   . . .      Faith    .   (no shield)
rNeg    . . .      Spirit   .   R - +2 leather armour {rPois}
rPois   +          Reflect  +   (no helmet)
rElec   .          Harm     .   (no cloak)
rCorr   .          Rampage  .   q - +0 pair of gloves
Will    .....                   (no boots)
Stlth   +++++.....              t - amulet of reflection
HPRegen 0.24/turn               X - ring of Appirargh {Wiz rF++}
MPRegen 0.17/turn               G - +4 ring of protection

@: on berserk cooldown, slowed, very slow
A: fangs 1, strong nose, distributed training
a: Renounce Religion, Potion Petition, Call Merchant, Bribe Branch


You were on level 2 of the Lair of Beasts.
You worshipped Gozag.
Gozag was pleased with you.
You visited 2 branches of the dungeon, and saw 13 of its levels.

You collected 1607 gold pieces.
You spent 461 gold pieces at shops.
You paid 370 gold pieces to Gozag.

Inventory:

Hand Weapons
 a - a +3 whip of venom
 b - a +0 hunting sling
 c - a +0 war axe
 l - a +0 club
 m - a +0 hand axe
 n - a +0 hunting sling
 I - a +1 vampiric dagger
 J - a +4 trident of freezing (weapon)
 O - a +4 dagger
 P - a +0 dire flail
 Q - a +2 vorpal long sword
 T - a +0 falchion of electrocution
Missiles
 f - 13 poisoned darts
 x - 254 stones
 y - 5 boomerangs (quivered)
Armour
 q - a +0 pair of gloves (worn)
 v - a +0 kite shield
 A - a +0 leather armour
 N - a +0 ring mail
 R - a +2 leather armour of poison resistance (worn)
Magical Staves
 p - a staff of fire
Jewellery
 i - an amulet of magic regeneration
 j - a +6 ring of dexterity
 t - an amulet of reflection (around neck)
 G - a +4 ring of protection (right hand)
 K - an amulet of the acrobat
 W - a ring of resist corrosion
 X - the ring of Appirargh (left hand) {Wiz rF++}
   (You found it on level 2 of the Lair of Beasts)

   [ring of wizardry]

   It improves your spell success rate.
   rF:        It greatly protects you from fire.
Wands
 g - a wand of digging (29)
 s - a wand of polymorph (7)
 F - a wand of mindburst (6)
 H - a wand of iceblast (14)
 U - a wand of flame (10)
 Y - a wand of paralysis (2)
Scrolls
 o - 2 scrolls of fear
 u - a scroll of magic mapping
 B - 4 scrolls of fog
 D - 2 scrolls of teleportation
 E - a scroll of poison
 S - 6 scrolls of identify
 V - a scroll of brand weapon
Potions
 d - a potion of ambrosia
 e - 3 potions of attraction
 h - a potion of brilliance
 k - 3 potions of curing
 r - 3 potions of invisibility
 w - a potion of resistance
 C - 3 potions of lignification
 M - a potion of magic
Miscellaneous
 L - a lightning rod (4/4)


   Skills:
 + Level 9.4 Fighting
 + Level 6.6 Short Blades
 + Level 6.6 Long Blades
 + Level 8.1 Axes
 + Level 6.6 Maces & Flails
 + Level 6.6 Polearms
 + Level 6.6 Staves
 + Level 6.6 Slings
 + Level 6.6 Bows
 + Level 6.6 Crossbows
 + Level 6.6 Throwing
 + Level 6.6 Armour
 + Level 8.1 Dodging
 + Level 11.6 Stealth
 + Level 6.6 Shields
 + Level 6.6 Unarmed Combat
 + Level 6.6 Spellcasting
 + Level 5.4 Conjurations
 + Level 5.4 Hexes
 + Level 5.4 Summonings
 + Level 5.4 Necromancy
 + Level 5.4 Translocations
 + Level 5.4 Transmutations
 + Level 5.4 Fire Magic
 + Level 5.4 Ice Magic
 + Level 5.4 Air Magic
 + Level 5.4 Earth Magic
 + Level 5.4 Poison Magic
 + Level 7.2 Invocations
 + Level 6.6 Evocations


You had 2 spell levels left.
You knew the following spells:

 Your Spells              Type           Power      Damage    Failure   Level
a - Sticky Flame          Conj/Fire      18%        2d4       9%          4
b - Iskenderun's Mystic   Conj/Tloc      18%        2d6       9%          4
c - Blink                 Tloc           36%        N/A       1%          2
d - Fulminant Prism       Conj/Hex       9%         3d7       9%          4
e - Manifold Assault      Tloc           18%        N/A       22%         5
f - Ensorcelled Hibernat  Hex/Ice        36%        N/A       1%          2

Your spell library contained the following spells:

 Spells                   Type           Power      Damage    Failure   Level
 Beastly Appendage        Tmut           36%        N/A       1%          1
 Static Discharge         Conj/Air       18%        N/A       1%          2
 Wereblood                Tmut           18%        N/A       1%          2
 Portal Projectile        Hex/Tloc       36%        N/A       2%          3
 Spider Form              Tmut/Pois      18%        N/A       2%          3
 Anguish                  Hex/Necr       9%         N/A       9%          4
 Dispel Undead            Necr           18%        3d11      9%          4
 Blade Hands              Tmut           9%         N/A       22%         5
 Excruciating Wounds      Necr           9%         N/A       22%         5
 Lee's Rapid Deconstruct  Erth           9%         3d8*      22%         5
 Storm Form               Tmut/Air       9%         N/A       99%         7


Dungeon Overview and Level Annotations

Branches:
Dungeon (10/15)            Temple (0/1) D:7            Lair (3/6) D:9
  Swamp: Lair:2-4    Shoals: Lair:2-4     Snake: Lair:2-4    Spider: Lair:2-4
    Orc: D:9-12

Altars:
Dithmenos
Gozag
Kikubaaqudgha
Qazlal
Sif Muna
Uskayaw
Xom
Yredelemnul

Shops:
D:9 ?

Annotations:
D:3 3 runed translucent doors, sirJeffrey23's ghost, amateur HOMo
D:7 2 transporters, exclusion: ice statue, zeratav's ghost, novice OpEE


Innate Abilities, Weirdness & Mutations

You have very sharp teeth.
Your uncanny sense of smell can sniff out nearby items.
Your experience applies equally to all skills.


Message History

The boulder beetle hits you!!!
* * * LOW HITPOINT WARNING * * *
The boulder beetle stops rolling and uncurls.
Casting: Iskenderun's Mystic Blast (dangerous; 9% risk of failure)
Confirm with . or Enter, or press ? or * to list all spells.
Okay, then.
Okay, then. [a] - 525 gold - lignification, might, resistance and invisibility [b] - 260 gold - heal wounds, curing and berserk rage [c] - 200 gold - resistance Purchase which effect?
You no longer have enough gold to fund merchants seeking to open stores in the dungeon.
You feel much better.
You feel better.
A red film seems to cover your vision as you go berserk!
You feel yourself moving faster!
You feel mighty!
The boulder beetle leaps!
You are too berserk!
You feel a strong urge to attack something.
You feel your anger nearly subside.
You are no longer berserk.
You are exhausted.
You feel yourself slow down.
A boulder beetle is nearby!
Casting: Iskenderun's Mystic Blast (dangerous; 9% risk of failure)
Confirm with . or Enter, or press ? or * to list all spells.
You don't know that spell.
Casting: Iskenderun's Mystic Blast (dangerous; 9% risk of failure)
Confirm with . or Enter, or press ? or * to list all spells.
You erupt in a blast of force!
The mystic blast hits the boulder beetle but does no damage.
The boulder beetle is lightly wounded.
The boulder beetle curls into a ball and begins rolling!
Casting: Iskenderun's Mystic Blast (dangerous; 9% risk of failure)
Confirm with . or Enter, or press ? or * to list all spells.
You erupt in a blast of force!
The mystic blast hits the boulder beetle but does no damage.
The boulder beetle is lightly wounded.
The boulder beetle hits you!!!
Ouch! That really hurt!
You die...
Your body crumbles into a pile of gold.

#P...##.P....<.....####....
##...#...P........###P.....
#......#........###.##.....
###..........#.......#.....
#.........................
#.#....B.##.#.............
###.....###.#P.###....#...
##...○###.#....#.....###
##...B@#............###
#...........<........#
###..................#
#..##....#.........#
##.###..............
##..##....#.........
#...##....#........#
##....#.#..##.......#
#....#........P....#.


You could see a boulder beetle (rolling).

Vanquished Creatures
  A black mamba (Lair:1)
  2 cane toads (Lair:2)
  5 komodo dragons
  A polar bear (Lair:2)
  Prince Ribbit (D:9)
  A troll (D:9)
  A hornet (D:8)
  6 blink frogs
  A wyvern (D:9)
  11 yaks
  2 basilisks
  A steam dragon (D:9)
  A vampire mosquito (Lair:3)
  2 acid dragons (D:9)
  6 water moccasins
  A black bear (Lair:1)
  3 orc warriors
  A sky beast (D:6)
  An ice beast (D:7)
  4 wolves (Lair:1)
  A centaur (D:9)
  4 ogres
  2 phantoms
  Blork the orc (D:5)
  6 bullfrogs
  3 gnoll sergeants
  2 kobold brigands
  4 necrophages
  2 scorpions
  3 wights
  5 killer bees (D:8)
  2 howler monkeys
  3 orc priests
  A hound (D:5)
  6 jellies
  A gnoll shaman (D:7)
  4 iguanas
  7 orc wizards
  17 gnolls
  9 adders
  A shadow imp (D:5)
  3 white imps
  A worm (D:2)
  A dart slug (D:3)
  32 orcs
  6 bats
  8 endoplasms
  2 giant cockroaches (D:3)
  12 goblins
  9 hobgoblins
  4 jackals (D:2)
  7 quokkas
  6 ball pythons
  14 frilled lizards
  19 kobolds
  4 rats
  A spectral orc (D:8)
265 creatures vanquished.

Vanquished Creatures (others)
  A human (D:6)
  A fulminant prism (Lair:1)
  7 fungi
  58 plants
67 creatures vanquished.

Grand Total: 332 creatures vanquished

Notes
Turn   | Place    | Note
-------+----------+-------------------------------------------
     0 | D:5      | Reached skill level 9 in Stealth
     0 | D:5      | croobank the Gnoll Delver began the quest for the Orb.
     0 | D:5      | Reached XP level 1. HP: 23/23 MP: 1/1
    16 | D:5      | Noticed an iguana
    63 | D:3      | Noticed sirJeffrey23's ghost (amateur HOMo)
    63 | D:3      | Noticed a jelly
    63 | D:3      | Found a runed translucent gate.
    63 | D:3      | Found a runed translucent gate.
    63 | D:3      | Found a runed translucent gate.
   133 | D:3      | Noticed a necrophage
   232 | D:2      | Reached XP level 2. HP: 25/29 MP: 2/2
   256 | D:2      | Reached XP level 3. HP: 17/35 MP: 3/3
   481 | D:2      | Found a shimmering altar of Xom.
   585 | D:1      | Reached skill level 1 in Invocations
   631 | D:1      | You fall into a shaft and drop 1 floor!
   711 | D:2      | Reached skill level 1 in Short Blades
   711 | D:2      | Reached skill level 1 in Long Blades
   711 | D:2      | Reached skill level 1 in Maces & Flails
   711 | D:2      | Reached skill level 1 in Polearms
   711 | D:2      | Reached skill level 1 in Staves
   711 | D:2      | Reached skill level 1 in Slings
   711 | D:2      | Reached skill level 1 in Bows
   711 | D:2      | Reached skill level 1 in Crossbows
   711 | D:2      | Reached skill level 1 in Throwing
   711 | D:2      | Reached skill level 1 in Armour
   711 | D:2      | Reached skill level 1 in Shields
   711 | D:2      | Reached skill level 1 in Unarmed Combat
   711 | D:2      | Reached skill level 1 in Spellcasting
   711 | D:2      | Reached skill level 1 in Evocations
   738 | D:2      | Reached XP level 4. HP: 30/41 MP: 5/5
   951 | D:1      | Learned a level 4 spell: Sticky Flame
  1728 | D:3      | Noticed a scorpion
  1739 | D:3      | Killed a scorpion
  1740 | D:3      | Reached skill level 1 in Conjurations
  1740 | D:3      | Reached skill level 1 in Hexes
  1740 | D:3      | Reached skill level 1 in Summonings
  1740 | D:3      | Reached skill level 1 in Necromancy
  1740 | D:3      | Reached skill level 1 in Translocations
  1740 | D:3      | Reached skill level 1 in Transmutations
  1740 | D:3      | Reached skill level 1 in Fire Magic
  1740 | D:3      | Reached skill level 1 in Ice Magic
  1740 | D:3      | Reached skill level 1 in Air Magic
  1740 | D:3      | Reached skill level 1 in Earth Magic
  1740 | D:3      | Reached skill level 1 in Poison Magic
  1740 | D:3      | Reached XP level 5. HP: 47/47 MP: 5/7
  1882 | D:3      | Reached XP level 6. HP: 27/53 MP: 8/8
  2165 | D:3      | Found a faded altar of an unknown god.
  2408 | D:3      | Reached skill level 5 in Axes
  2408 | D:3      | Reached skill level 5 in Dodging
  2485 | D:3      | Learned a level 4 spell: Iskenderun's Mystic Blast
  3805 | D:4      | Reached XP level 7. HP: 36/60 MP: 10/10
  4729 | D:5      | Noticed Blork the orc
  5020 | D:5      | Killed Blork the orc
  5021 | D:5      | Reached skill level 10 in Stealth
  5116 | D:6      | Reached XP level 8. HP: 51/67 MP: 12/12
  6897 | D:6      | Found an opulent altar of Gozag.
  6898 | D:6      | Found a stormy altar of Qazlal.
  6900 | D:6      | Found a shimmering blue altar of Sif Muna.
  6903 | D:6      | Became a worshipper of Gozag Ym Sagoz the Greedy
  6932 | D:6      | Found a shimmering altar of Xom.
  7574 | D:6      | Reached XP level 9. HP: 73/73 MP: 14/14
  7609 | D:6      | Found an ancient bone altar of Kikubaaqudgha.
  7904 | D:7      | Found a staircase to the Ecumenical Temple.
  7931 | D:7      | Found a transporter.
  7937 | D:7      | Noticed a manticore
  7937 | D:7      | Noticed an ice statue
  7938 | D:7      | Noticed a hornet
  7953 | D:7      | Noticed zeratav's ghost (novice OpEE)
  8109 | D:7      | Found a transporter.
  8113 | D:7      | Learned a level 2 spell: Blink
  8118 | D:7      | Learned a level 4 spell: Fulminant Prism
  9978 | D:7      | Reached skill level 5 in Invocations
 10626 | D:8      | Noticed a hornet
 10818 | D:9      | Reached XP level 10. HP: 80/80 MP: 17/17
 11034 | D:8      | Reached skill level 5 in Short Blades
 11034 | D:8      | Reached skill level 5 in Long Blades
 11034 | D:8      | Reached skill level 5 in Maces & Flails
 11034 | D:8      | Reached skill level 5 in Polearms
 11034 | D:8      | Reached skill level 5 in Staves
 11034 | D:8      | Reached skill level 5 in Slings
 11034 | D:8      | Reached skill level 5 in Bows
 11034 | D:8      | Reached skill level 5 in Crossbows
 11034 | D:8      | Reached skill level 5 in Throwing
 11034 | D:8      | Reached skill level 5 in Armour
 11034 | D:8      | Reached skill level 5 in Shields
 11034 | D:8      | Reached skill level 5 in Unarmed Combat
 11034 | D:8      | Reached skill level 5 in Spellcasting
 11034 | D:8      | Reached skill level 5 in Evocations
 11279 | D:8      | Found a shadowy altar of Dithmenos.
 11883 | D:8      | Found a basalt altar of Yredelemnul.
 12012 | D:9      | Found a staircase to the Lair.
 12034 | D:9      | Reached skill level 11 in Stealth
 12190 | D:9      | Found Ujafrogo's Magic Scroll Shop.
 12197 | D:9      | Bought a scroll of identify for 26 gold pieces
 12197 | D:9      | Bought a scroll of identify for 26 gold pieces
 12197 | D:9      | Bought a scroll of blinking for 97 gold pieces
 12197 | D:9      | Bought a scroll of identify for 26 gold pieces
 12197 | D:9      | Bought a scroll of identify for 26 gold pieces
 12884 | D:9      | Found a hide-covered altar of Uskayaw.
 13007 | D:10     | Entered Level 10 of the Dungeon
 13007 | D:10     | Noticed a two-headed ogre
 13007 | D:10     | Noticed a two-headed ogre
 13026 | D:9      | Bought a scroll of brand weapon for 260 gold pieces
 13041 | Lair:1   | Entered Level 1 of the Lair of Beasts
 13349 | Lair:1   | Noticed Prince Ribbit
 13736 | D:9      | Reached XP level 11. HP: 78/87 MP: 19/19
 13943 | D:9      | Killed Prince Ribbit
 14317 | D:9      | Reached skill level 5 in Conjurations
 14317 | D:9      | Reached skill level 5 in Hexes
 14317 | D:9      | Reached skill level 5 in Summonings
 14317 | D:9      | Reached skill level 5 in Necromancy
 14317 | D:9      | Reached skill level 5 in Translocations
 14317 | D:9      | Reached skill level 5 in Transmutations
 14317 | D:9      | Reached skill level 5 in Fire Magic
 14317 | D:9      | Reached skill level 5 in Ice Magic
 14317 | D:9      | Reached skill level 5 in Air Magic
 14317 | D:9      | Reached skill level 5 in Earth Magic
 14317 | D:9      | Reached skill level 5 in Poison Magic
 15324 | Lair:2   | Identified the ring of Appirargh {Wiz rF++}
 15343 | Lair:2   | Learned a level 5 spell: Manifold Assault
 16204 | Lair:2   | Learned a level 2 spell: Ensorcelled Hibernation
 16255 | Lair:2   | Upgraded the game from 0.29-a0-398-ge13fd1374b to
                  | 0.29-a0-409-gd843f3a48c
 16273 | Lair:2   | Noticed a boulder beetle
 16294 | Lair:2   | HP: 3/89 [boulder beetle (25)]
 16303 | Lair:3   | Noticed a five-headed hydra
 16844 | Lair:2   | Slain by a boulder beetle

Illustrated notes

Levels and vault maps discovered:
D:1:      kennysheep_arrival_forest, layout_basic, serial_park_tiny_pond
D:2:      kennysheep_the_goblin_king, layout_rooms, basic_altar, kennysheep_nub,
          minmay_lizard_king
D:3:      layout_loops_cross, hellmonk_ecumenical_altar_crossroads,
          gammafunk_ghost_split
D:4:      layout_basic, grunt_ministairs_3
D:5:      layout_loops_corners, uniq_blork_the_orc
D:6:      layout_rooms, tgw_kikubaaqudgha, nicolae_overflow_quartered_altars,
          minmay_checkerbox
D:7:      layout_basic, temple_green, nzn_ghost_randoct
D:8:      layout_loops_ring, yredelemnul_forgotten_temple_becter,
          grunt_dithmenos_smoke
D:9:      layout_stronghold, kennysheep_mini, david_lair_shrubbed, serial_shops,
          nicolae_shop_stone, fungi_pond_lemuel
D:10:     minmay_s_stair_smasher, layout_small_grid, hangedman_decor_points,
          nicolae_wand_duel, minmay_ruffians
Lair:1:   layout_gridlike, uniq_prince_ribbit2
Lair:2:   layout_misc_corridors, portal_ice_cave_entry_pillars_2,
          hangedman_lair_unloving_vines
Lair:3:   layout_cellular_growth, minmay_swamp_entry_swarm,
          spider_nest_entry_web_field, minmay_holes, infiniplex_staircase_pool

Skill      XL: |  1  2  3  4  5  6  7  8  9 10 11 |
---------------+----------------------------------+-----
Stealth        | 10 11 | 11.6
Invocations    | 1 2 3 4 5 6 7 |  7.2
Short Blades   | 1 2 3 4 5 6 |  6.6
Long Blades    | 1 2 3 4 5 6 |  6.6
Maces & Flails | 1 2 3 4 5 6 |  6.6
Polearms       | 1 2 3 4 5 6 |  6.6
Staves         | 1 2 3 4 5 6 |  6.6
Slings         | 1 2 3 4 5 6 |  6.6
Bows           | 1 2 3 4 5 6 |  6.6
Crossbows      | 1 2 3 4 5 6 |  6.6
Throwing       | 1 2 3 4 5 6 |  6.6
Armour         | 1 2 3 4 5 6 |  6.6
Shields        | 1 2 3 4 5 6 |  6.6
Unarmed Combat | 1 2 3 4 5 6 |  6.6
Spellcasting   | 1 2 3 4 5 6 |  6.6
Evocations     | 1 2 3 4 5 6 |  6.6
Conjurations   | 1 2 3 4 5 |  5.4
Hexes          | 1 2 3 4 5 |  5.4
Summonings     | 1 2 3 4 5 |  5.4
Necromancy     | 1 2 3 4 5 |  5.4
Translocations | 1 2 3 4 5 |  5.4
Transmutations | 1 2 3 4 5 |  5.4
Fire Magic     | 1 2 3 4 5 |  5.4
Ice Magic      | 1 2 3 4 5 |  5.4
Air Magic      | 1 2 3 4 5 |  5.4
Earth Magic    | 1 2 3 4 5 |  5.4
Poison Magic   | 1 2 3 4 5 |  5.4
Axes           | 5 6 7 8 |  8.1
Dodging        | 5 6 7 8 |  8.1
Fighting       | 7 8 9 |  9.4

Action                   |  1- 3 |  4- 6 |  7- 9 | 10-12 || total
-------------------------+-------+-------+-------+-------++-------
Melee: Hand axe          |   117 |       |       |       ||   117
       Bite              |     6 |    21 |    49 |    52 ||   128
       Punch             |     3 |     5 |    13 |    22 ||    43
       Whip              |     4 |   177 |   316 |       ||   497
       Trident           |       |       |    84 |   363 ||   447
       Dagger            |       |       |       |     3 ||     3
Throw: Throwing net      |       |     2 |       |       ||     2
       Boomerang         |       |     2 |    62 |     4 ||    68
       Stone             |       |     1 |       |       ||     1
 Cast: Iskenderun's Myst |       |       |       |    26 ||    26
       Sticky Flame      |       |       |       |     3 ||     3
       Ensorcelled Hiber |       |       |       |     3 ||     3
       Blink             |       |       |       |     1 ||     1
       Fulminant Prism   |       |       |       |     1 ||     1
Invok: Potion Petition   |       |       |       |     1 ||     1
Evoke: Wand              |       |       |     2 |     5 ||     7
  Use: Scroll            |     2 |     7 |     8 |     9 ||    26
       Potion            |     1 |     1 |     9 |     1 ||    12
 Stab: Sleeping          |     6 |    12 |     7 |    10 ||    35
       Distracted        |     1 |       |     3 |     6 ||    10
       Held in net/web   |       |     1 |       |       ||     1
Armor: Leather armour    |    24 |    43 |    38 |    73 ||   178
Dodge: Dodged            |    81 |   118 |   240 |   221 ||   660
Block: Other             |       |       |    67 |    69 ||   136
       Reflection        |       |       |     3 |       ||     3

Table legend: (Time is in decaauts)
 A = Elapsed time spent in this place.
 B = Non-inter-level travel time spent in this place.
 C = Inter-level travel time spent in this place.
 D = Time resting spent in this place.
 E = Time spent auto-exploring this place.
 F = Levels seen in this place.
 G = Mean time per level.
                   A        B        C        D        E       F      G
               +--------+--------+--------+--------+--------+-----+--------+
         Total |  16849 |  16497 |    352 |   6102 |   7132 |  13 | 1296.1 |
       Dungeon |  13788 |  13474 |    314 |   4651 |   6142 |  10 | 1378.8 |
          Lair |   3061 |   3024 |     37 |   1451 |    990 |   3 | 1020.3 |
               +--------+--------+--------+--------+--------+-----+--------+

Top non-repeatable levels by time:
     D:9: 2232 daAuts
     D:5: 2149 daAuts
  Lair:1: 2119 daAuts
     D:8: 1775 daAuts
     D:7: 1665 daAuts
     D:3: 1562 daAuts
     D:6: 1519 daAuts
     D:2: 1253 daAuts
     D:4: 1136 daAuts
  Lair:2: 570 daAuts
     D:1: 491 daAuts
  Lair:3: 371 daAuts
    D:10: 1 daAuts
